 Dungeon Crawl Stone Soup version 0.23.2-40-g277498a001 (webtiles) character file.

Game seed: 17457914223732351831

237 Emblim88 the Grasshopper (level 6, -3/50 HPs)
             Began as a Gnoll Warper on Aug 26, 2019.
             Killed from afar by an orc wizard (11 damage)
             ... with a magic dart
             ... on level 3 of the Dungeon.
             The game lasted 00:07:25 (1986 turns).

Emblim88 the Grasshopper (Gnoll Warper)             Turns: 1986, Time: 00:07:25

Health: -3/50      AC:  7    Str: 13    XL:     6   Next: 6%
Magic:  13/13      EV: 14    Int: 15    God:
Gold:   145        SH:  0    Dex: 17    Spells: 8/15 levels left

rFire    . . .     SeeInvis .   i - +2 dagger (flame)
rCold    . . .     Gourm    .   (no shield)
rNeg     . . .     Faith    .   b - +0 leather armour
rPois    .         Spirit   .   g - +2 helmet
rElec    .         Reflect  .   (no cloak)
rCorr    .         Harm     .   c - +0 pair of gloves
MR       .....                  (no boots)
Stlth    ++........             (no amulet)
HPRegen  0.16/turn              (no ring)
MPRegen  0.13/turn              (no ring)

@: no status effects
A: distributed training, fangs 1, strong nose
a: no special abilities


You were on level 3 of the Dungeon.
You were hungry.

You visited 1 branch of the dungeon, and saw 3 of its levels.

You collected 145 gold pieces.

Inventory:

Hand Weapons
 a - a +0 falchion
 i - a +2 dagger of flaming (weapon)
Missiles
 e - 5 tomahawks of dispersal (quivered)
 h - 20 poisoned needles
Armour
 b - a +0 leather armour (worn)
 c - a +0 pair of gloves (worn)
 g - a +2 helmet (worn)
Jewellery
 j - an uncursed ring of protection from magic
Scrolls
 d - a scroll of blinking
 k - a scroll of magic mapping {unknown}
 n - a scroll of enchant armour {unknown}
Comestibles
 f - 2 rations


   Skills:
 + Level 4.9 Fighting
 + Level 1.7 Short Blades
 + Level 4.9 Long Blades
 + Level 1.7 Axes
 + Level 1.7 Maces & Flails
 + Level 1.7 Polearms
 + Level 1.7 Staves
 + Level 1.7 Slings
 + Level 1.7 Bows
 + Level 1.7 Crossbows
 + Level 3.1 Throwing
 + Level 3.1 Armour
 + Level 4.9 Dodging
 + Level 1.7 Stealth
 + Level 1.7 Shields
 + Level 1.7 Unarmed Combat
 + Level 5.3 Spellcasting
 + Level 1.3 Conjurations
 + Level 1.3 Hexes
 + Level 1.3 Charms
 + Level 1.3 Summonings
 + Level 1.3 Necromancy
 + Level 5.6 Translocations
 + Level 1.3 Transmutations
 + Level 1.3 Fire Magic
 + Level 1.3 Ice Magic
 + Level 1.3 Air Magic
 + Level 1.3 Earth Magic
 + Level 1.3 Poison Magic
 + Level 2.0 Invocations
 + Level 1.7 Evocations


You had 8 spell levels left.
You knew the following spells:

 Your Spells              Type           Power        Failure   Level  Hunger
a - Blink                 Tloc           N/A          3%          2    ##.....
b - Teleport Other        Tloc           ###.....     6%          3    ###....
c - Shroud of Golubria    Chrm/Tloc      ##........   8%          2    ##.....

Your spell library contained the following spells:

 Spells                   Type           Power        Failure   Level  Hunger
 Gell's Gravitas          Tloc           ###.......   6%          3    ###....
 Lesser Beckoning         Tloc           ###.......   6%          3    ###....
 Passage of Golubria      Tloc           N/A          21%         4    ####...


Dungeon Overview and Level Annotations

Branches:
Dungeon (3/15)

Altars:
Qazlal


Innate Abilities, Weirdness & Mutations

Your experience applies equally to all skills.
You have very sharp teeth.
Your uncanny sense of smell can sniff out nearby items.


Message History

The orc wizard hits you but does no damage. x2
You hit the orc wizard but do no damage.
The orc wizard is severely wounded.
The orc wizard hits you but does no damage. x3
You hit the orc wizard. You burn the orc wizard.
The orc wizard is almost dead.
You feel less wooden.
Your +2 helmet unmelds from your body.
Your +0 pair of gloves unmelds from your body.
Your +0 leather armour unmelds from your body.
The orc wizard gestures at you while chanting.
You resist with some effort.
You hit the orc wizard but do no damage.
The orc wizard is almost dead.
The orc wizard hits you but does no damage. x2
You hit the orc wizard but do no damage.
The orc wizard is almost dead.
The orc wizard casts a spell at you. The magic dart hits you!
You die...

.........∆
.......>. ....
....##..∆ ...
....# . #.[## ##
....## .. .... .#
.....# ...##..# .#
.....# .....# .#
...#.#∆
#..####.#.# ...#.#
#..o@[!...# .....#
##.o###.......
.....# .. ##.#
#######
.......∆.#...##.##
........ '...##..#
........
#...###.## ####...
#........######
#.............# #
#.............# .#


You could see 2 orc wizards.

Vanquished Creatures
  A bullfrog (D:3)
  An orc priest (D:3)
  An orc wizard (D:3)
  An adder (D:3)
  An ooze (D:1)
  3 dart slugs
  10 orcs (D:3)
  3 giant cockroaches
  18 goblins
  9 hobgoblins
  2 quokkas (D:3)
  2 ball pythons
  7 bats
  5 frilled lizards
  A jackal zombie (D:2)
  9 kobolds
  11 rats
85 creatures vanquished.

Notes
Turn   | Place    | Note
-------+----------+-------------------------------------------
     0 | D:1      | Emblim88 the Gnoll Warper began the quest for the Orb.
     0 | D:1      | Reached XP level 1. HP: 20/20 MP: 6/6
    48 | D:1      | Reached XP level 2. HP: 25/26 MP: 7/7
   246 | D:1      | Reached XP level 3. HP: 29/31 MP: 9/9
   266 | D:1      | Reached skill level 5 in Spellcasting
   272 | D:1      | Learned a level 2 spell: Blink
   276 | D:1      | Learned a level 3 spell: Teleport Other
   279 | D:1      | Learned a level 2 spell: Shroud of Golubria
   756 | D:2      | Reached skill level 1 in Invocations
  1001 | D:2      | Found a stormy altar of Qazlal.
  1064 | D:2      | Reached skill level 1 in Short Blades
  1064 | D:2      | Reached skill level 1 in Axes
  1064 | D:2      | Reached skill level 1 in Maces & Flails
  1064 | D:2      | Reached skill level 1 in Polearms
  1064 | D:2      | Reached skill level 1 in Staves
  1064 | D:2      | Reached skill level 1 in Slings
  1064 | D:2      | Reached skill level 1 in Bows
  1064 | D:2      | Reached skill level 1 in Crossbows
  1064 | D:2      | Reached skill level 1 in Stealth
  1064 | D:2      | Reached skill level 1 in Shields
  1064 | D:2      | Reached skill level 1 in Unarmed Combat
  1064 | D:2      | Reached skill level 1 in Evocations
  1179 | D:2      | Reached XP level 4. HP: 38/38 MP: 11/11
  1383 | D:3      | Reached skill level 1 in Conjurations
  1383 | D:3      | Reached skill level 1 in Hexes
  1383 | D:3      | Reached skill level 1 in Charms
  1383 | D:3      | Reached skill level 1 in Summonings
  1383 | D:3      | Reached skill level 1 in Necromancy
  1383 | D:3      | Reached skill level 1 in Transmutations
  1383 | D:3      | Reached skill level 1 in Fire Magic
  1383 | D:3      | Reached skill level 1 in Ice Magic
  1383 | D:3      | Reached skill level 1 in Air Magic
  1383 | D:3      | Reached skill level 1 in Earth Magic
  1383 | D:3      | Reached skill level 1 in Poison Magic
  1411 | D:3      | Reached XP level 5. HP: 43/43 MP: 12/12
  1815 | D:3      | Reached XP level 6. HP: 44/50 MP: 13/13
  1986 | D:3      | Killed from afar by an orc wizard

Skill      XL: |  1  2  3  4  5  6 |
---------------+-------------------+-----
Spellcasting   | 5 |  5.3
Invocations    | 1 2 |  2.0
Short Blades   | 1 |  1.7
Axes           | 1 |  1.7
Maces & Flails | 1 |  1.7
Polearms       | 1 |  1.7
Staves         | 1 |  1.7
Slings         | 1 |  1.7
Bows           | 1 |  1.7
Crossbows      | 1 |  1.7
Stealth        | 1 |  1.7
Shields        | 1 |  1.7
Unarmed Combat | 1 |  1.7
Evocations     | 1 |  1.7
Conjurations   | 1 |  1.3
Hexes          | 1 |  1.3
Charms         | 1 |  1.3
Summonings     | 1 |  1.3
Necromancy     | 1 |  1.3
Transmutations | 1 |  1.3
Fire Magic     | 1 |  1.3
Ice Magic      | 1 |  1.3
Air Magic      | 1 |  1.3
Earth Magic    | 1 |  1.3
Poison Magic   | 1 |  1.3
Throwing       | 3 |  3.1
Armour         | 3 |  3.1
Fighting       | |  4.9
Long Blades    | |  4.9
Dodging        | |  4.9
Translocations | |  5.6

Action                   |  1- 3 |  4- 6 || total
-------------------------+-------+-------++-------
Melee: Falchion          |    71 |       ||    71
       Bite              |    10 |    14 ||    24
       Dagger            |    43 |   165 ||   208
       Punch             |       |     1 ||     1
 Cast: Shroud of Golubri |       |     2 ||     2
  Use: Scroll            |     2 |     1 ||     3
       Potion            |       |     3 ||     3
 Stab: Sleeping          |       |     3 ||     3
  Eat: Chunk             |       |     3 ||     3
Armor: Leather armour    |    25 |    48 ||    73
       Skin              |       |    48 ||    48
Dodge: Dodged            |    74 |   126 ||   200
       Rpst.: Falchion   |    18 |       ||    18
